TOP OF THE 1ST |
Minnesota Twins batting - Pitching for Milwaukee Brewers : RHP Travis Southern
|
Pitching: RHP Travis Southern
|
|
Batting: LHB Peer Derks
|
0-0: Called Strike 0-1: Foul Ball, location: 2F 0-2: Fly out, F8 (Flyball, 8LS, EV 93.1 MPH)
|
Batting: LHB Chris Ringwood
|
0-0: Ground out U3 (Groundball, 34, EV 85.6 MPH)
|
Batting: RHB Steve Jordan
|
0-0: SINGLE (Flyball, 4D, EV 90.0 MPH)
|
Batting: RHB Hildo Pot
|
0-0: Foul Ball, location: 2F 0-1: Called Strike Steve Jordan steals 2nd base 0-2: Foul Ball, location: 2F 0-2: Strikes out swinging
|
Top of the 1st over - 0 runs, 1 hit, 0 errors, 1 left on base; Minnesota 0 - Milwaukee 0 |
BOTTOM OF THE 1ST |
Milwaukee Brewers batting - Pitching for Minnesota Twins : LHP Josh Langguth
|
Pitching: LHP Josh Langguth
|
|
Batting: RHB Akitada Nishizawa
|
0-0: Ball 1-0: Ball 2-0: Called Strike 2-1: Swinging Strike 2-2: Foul Ball, location: 2F 2-2: Foul Ball, location: 2F 2-2: Ground out 1-3 (Groundball, 15S, EV 65.6 MPH)
|
Batting: SHB Junzo Kato
|
0-0: Ball 1-0: Ground out 4-3 (Groundball, 4, EV 83.8 MPH)
|
Batting: SHB Lewis Thorpe Jr.
|
0-0: Ball 1-0: Called Strike 1-1: Ball 2-1: Ball 3-1: Foul Ball, location: 2F 3-2: Strikes out swinging
|
Bottom of the 1st over - 0 runs, 0 hits, 0 errors, 0 left on base; Minnesota 0 - Milwaukee 0 |
TOP OF THE 2ND |
Minnesota Twins batting - Pitching for Milwaukee Brewers : RHP Travis Southern
|
Batting: RHB Miguel Diaz
|
0-0: Ball 1-0: Ground out 5-3 (Groundball, 56, EV 103.8 MPH)
|
Batting: RHB Kevin Howard
|
0-0: Ball 1-0: Swinging Strike 1-1: Ball 2-1: Swinging Strike 2-2: Foul Ball, location: 2F 2-2: Strikes out swinging
|
Batting: LHB Bob Branham
|
0-0: Called Strike 0-1: Called Strike 0-2: Fly out, F3 (Line Drive, 34, EV 71.9 MPH)
|
Top of the 2nd over - 0 runs, 0 hits, 0 errors, 0 left on base; Minnesota 0 - Milwaukee 0 |
BOTTOM OF THE 2ND |
Milwaukee Brewers batting - Pitching for Minnesota Twins : LHP Josh Langguth
|
Batting: RHB Mike Thornton
|
0-0: Foul Ball, location: 2F 0-1: Called Strike 0-2: Ball 1-2: Foul Ball, location: 2F 1-2: Ball 2-2: Ball 3-2: Foul Ball, location: 2F 3-2: Strikes out looking
|
Batting: RHB Bobby Muniz
|
0-0: Fly out, F7 (Flyball, 7S, EV 84.4 MPH)
|
Batting: SHB Pat Wilson
|
0-0: Ball 1-0: SINGLE (Groundball, 34, EV 105.0 MPH)
|
Pitching: RHP Gerbrand van de Bilt
|
|
Batting: RHB Noah Stanley
|
0-0: Called Strike 0-1: Called Strike 0-2: Ball 1-2: Ball 2-2: Fly out, F9 (Flyball, 9D, EV 88.1 MPH)
|
Bottom of the 2nd over - 0 runs, 1 hit, 0 errors, 1 left on base; Minnesota 0 - Milwaukee 0 |
TOP OF THE 3RD |
Minnesota Twins batting - Pitching for Milwaukee Brewers : RHP Travis Southern
|
Batting: RHB Jesse Scott
|
0-0: Called Strike 0-1: Called Strike 0-2: Ball 1-2: Strikes out looking
|
Batting: RHB José Molina
|
0-0: Called Strike 0-1: Swinging Strike 0-2: Foul Ball, location: 2F 0-2: Ball 1-2: Ball 2-2: Foul Ball, location: 2F 2-2: Foul Ball, location: 2F 2-2: Ball 3-2: Fly out, F9 (Line Drive, 9LM, EV 98.8 MPH)
|
Batting: LHB Peer Derks
|
0-0: Ball 1-0: Ball 2-0: Ball 3-0: Called Strike 3-1: Called Strike 3-2: SINGLE (Groundball, 34D, EV 103.8 MPH)
|
Batting: LHB Chris Ringwood
|
0-0: Called Strike 0-1: Called Strike 0-2: Ground out 4-3 (Groundball, 34, EV 86.9 MPH)
|
Top of the 3rd over - 0 runs, 1 hit, 0 errors, 1 left on base; Minnesota 0 - Milwaukee 0 |
BOTTOM OF THE 3RD |
Milwaukee Brewers batting - Pitching for Minnesota Twins : RHP Gerbrand van de Bilt
|
Batting: RHB Kisho Ito
|
0-0: Ball 1-0: Ground out 1-3 (Groundball, 13, EV 61.2 MPH)
|
Batting: RHB Dave Gonzalez
|
0-0: Foul Ball, location: 2F 0-1: Ball 1-1: Ball 2-1: Fly out, F7 (Flyball, 78S, EV 86.9 MPH)
|
Batting: RHB Akitada Nishizawa
|
0-0: Ball 1-0: Ball 2-0: Foul Ball, location: 2F 2-1: Ball 3-1: SINGLE (Groundball, P, EV 88.1 MPH) (infield hit)
|
Batting: SHB Junzo Kato
|
0-0: Called Strike 0-1: Ball 1-1: Foul Ball, location: 2F 1-2: Ball 2-2: Ball 3-2: Fly out, F7 (Flyball, 78M, EV 78.1 MPH)
|
Bottom of the 3rd over - 0 runs, 1 hit, 0 errors, 1 left on base; Minnesota 0 - Milwaukee 0 |
TOP OF THE 4TH |
Minnesota Twins batting - Pitching for Milwaukee Brewers : RHP Travis Southern
|
Batting: RHB Steve Jordan
|
0-0: Ball 1-0: Called Strike 1-1: Called Strike 1-2: Ball 2-2: Ball 3-2: Strikes out swinging
|
Batting: RHB Hildo Pot
|
0-0: Fly out, F9 (Flyball, 9, EV 85.6 MPH)
|
Batting: RHB Miguel Diaz
|
0-0: Foul Ball, location: 2F 0-1: Ball 1-1: Foul Ball, location: 2F 1-2: Ball 2-2: Ball 3-2: Foul Ball, location: 2F 3-2: Foul Ball, location: 2F 3-2: Base on Balls
|
Batting: RHB Kevin Howard
|
0-0: Foul Ball, location: 2F 0-1: Ball 1-1: Ball 2-1: Ball 3-1: Base on Balls Miguel Diaz to second
|
Batting: LHB Bob Branham
|
0-0: Ball 1-0: Swinging Strike 1-1: SINGLE (Line Drive, 56, EV 98.1 MPH) Miguel Diaz to third Kevin Howard to second Runner from 3rd tries for Home, SAFE, throw by LF to home
|
Batting: RHB Jesse Scott
|
0-0: Fielders Choice at 2nd, 6-4 (Groundball, 6, EV 90.0 MPH)
|
Top of the 4th over - 1 run, 1 hit, 0 errors, 2 left on base; Minnesota 1 - Milwaukee 0 |
BOTTOM OF THE 4TH |
Milwaukee Brewers batting - Pitching for Minnesota Twins : RHP Gerbrand van de Bilt
|
Batting: SHB Lewis Thorpe Jr.
|
0-0: Ball 1-0: Ball 2-0: Swinging Strike 2-1: Ball 3-1: Called Strike 3-2: Fly out, F8 (Flyball, 8RD, EV 101.9 MPH)
|
Batting: RHB Mike Thornton
|
0-0: Called Strike 0-1: Ball 1-1: SOLO HOME RUN (Line Drive, 7D, EV 98.1 MPH), Distance : 385 ft
|
Batting: RHB Bobby Muniz
|
0-0: Swinging Strike 0-1: Ball 1-1: Ball 2-1: Swinging Strike 2-2: Ball 3-2: Strikes out swinging
|
Batting: SHB Pat Wilson
|
0-0: Fly out, F7 (Flyball, 7LM, EV 105.6 MPH)
|
Bottom of the 4th over - 1 run, 1 hit, 0 errors, 0 left on base; Minnesota 1 - Milwaukee 1 |
TOP OF THE 5TH |
Minnesota Twins batting - Pitching for Milwaukee Brewers : RHP Travis Southern
|
Batting: RHB José Molina
|
0-0: Ground out 6-3 (Groundball, 6, EV 83.1 MPH)
|
Batting: LHB Peer Derks
|
0-0: Ball 1-0: SINGLE (Line Drive, 56D, EV 95.6 MPH)
|
Batting: LHB Chris Ringwood
|
0-0: Ball 1-0: Ball Wild Pitch! Peer Derks to second 2-0: Ball 3-0: Called Strike 3-1: Foul Ball, location: 2F 3-2: Foul Ball, location: 2F 3-2: Foul Ball, location: 2F 3-2: Ground out U3 (Groundball, 3, EV 103.1 MPH) Peer Derks to third
|
Batting: RHB Steve Jordan
|
0-0: Ball 1-0: Ground out U3 (Groundball, 3, EV 85.6 MPH)
|
Top of the 5th over - 0 runs, 1 hit, 0 errors, 1 left on base; Minnesota 1 - Milwaukee 1 |
BOTTOM OF THE 5TH |
Milwaukee Brewers batting - Pitching for Minnesota Twins : RHP Gerbrand van de Bilt
|
Batting: RHB Noah Stanley
|
0-0: Swinging Strike 0-1: SINGLE (Groundball, 56D, EV 100.0 MPH)
|
Batting: RHB Kisho Ito
|
0-0: Ball 1-0: Sac Bunt to 3S - play at first, batter safe! Noah Stanley to second
|
Batting: RHB Dave Gonzalez
|
0-0: Swinging Strike 0-1: Swinging Strike 0-2: Ball 1-2: Foul Ball, location: 2F 1-2: Strikes out swinging
|
Batting: RHB Akitada Nishizawa
|
0-0: Called Strike 0-1: Ball 1-1: Ball 2-1: Foul Ball, location: 2F 2-2: Foul Ball, location: 2F 2-2: Fly out, F9 (Flyball, 9D, EV 97.5 MPH) Runner from 2nd tags up, SAFE at 3rd, no throw by RF
|
Batting: SHB Junzo Kato
|
0-0: Ball 1-0: Fly out, F3 (Line Drive, 34, EV 64.4 MPH)
|
Bottom of the 5th over - 0 runs, 2 hits, 0 errors, 2 left on base; Minnesota 1 - Milwaukee 1 |
TOP OF THE 6TH |
Minnesota Twins batting - Pitching for Milwaukee Brewers : RHP Travis Southern
|
Batting: RHB Hildo Pot
|
0-0: Ball 1-0: Ball 2-0: Ball 3-0: Called Strike 3-1: Base on Balls
|
Batting: RHB Miguel Diaz
|
0-0: Ball 1-0: Called Strike 1-1: Ball 2-1: Called Strike Hildo Pot steals 2nd base 2-2: Ground out U3 (Groundball, 3, EV 107.5 MPH) Hildo Pot to third
|
Batting: RHB Kevin Howard
|
0-0: Ball 1-0: Called Strike 1-1: Foul Ball, location: 2F 1-2: Ball 2-2: Ball 3-2: Fly out, F9 (Flyball, 9D, EV 84.4 MPH) Runner from 3rd tags up, SCORES, no throw by RF
|
Batting: LHB Bob Branham
|
0-0: Ball 1-0: Ball 2-0: Called Strike 2-1: SOLO HOME RUN (Flyball, 9D, EV 96.2 MPH), Distance : 384 ft
|
Batting: RHB Jesse Scott
|
0-0: Ball 1-0: Ball 2-0: Swinging Strike 2-1: Foul Ball, location: 2F 2-2: Strikes out looking
|
Top of the 6th over - 2 runs, 1 hit, 0 errors, 0 left on base; Minnesota 3 - Milwaukee 1 |
BOTTOM OF THE 6TH |
Milwaukee Brewers batting - Pitching for Minnesota Twins : RHP Gerbrand van de Bilt
|
Batting: SHB Lewis Thorpe Jr.
|
0-0: Foul Ball, location: 2F 0-1: Ball 1-1: Ball 2-1: Foul Ball, location: 2F 2-2: SINGLE (Groundball, 4D, EV 110.0 MPH)
|
Batting: RHB Mike Thornton
|
0-0: Ball 1-0: Ball 2-0: Ball 3-0: Fly out, F3 (Popup, 3SF, EV 84.4 MPH)
|
Batting: RHB Bobby Muniz
|
0-0: Foul Ball, location: 2F 0-1: Called Strike 0-2: Ball 1-2: Ball 2-2: Foul Ball, location: 2F 2-2: Ball 3-2: Base on Balls Lewis Thorpe Jr. to second
|
Batting: SHB Pat Wilson
|
0-0: Called Strike 0-1: Foul Ball, location: 2F 0-2: Ball 1-2: Ball 2-2: Fly out, F9 (Flyball, 89M, EV 80.6 MPH)
|
Batting: RHB Noah Stanley
|
0-0: Called Strike 0-1: Ball 1-1: Called Strike 1-2: Foul Ball, location: 2F 1-2: Ball 2-2: Fly out, F4 (Line Drive, 4, EV 71.2 MPH)
|
Bottom of the 6th over - 0 runs, 1 hit, 0 errors, 2 left on base; Minnesota 3 - Milwaukee 1 |
TOP OF THE 7TH |
Minnesota Twins batting - Pitching for Milwaukee Brewers : RHP Travis Southern
|
Pitching: RHP Mekonen Mahfudh
|
|
Batting: RHB José Molina
|
0-0: Ball 1-0: Called Strike 1-1: Swinging Strike 1-2: Ball 2-2: Ball 3-2: Fly out, F7 (Flyball, 78S, EV 95.6 MPH)
|
Batting: LHB Peer Derks
|
0-0: Ball 1-0: Ground out 4-3 (Groundball, 4, EV 85.6 MPH)
|
Batting: LHB Chris Ringwood
|
0-0: Ball 1-0: Called Strike 1-1: Foul Ball, location: 2F 1-2: Fly out, F8 (Flyball, 78M, EV 95.6 MPH)
|
Top of the 7th over - 0 runs, 0 hits, 0 errors, 0 left on base; Minnesota 3 - Milwaukee 1 |
BOTTOM OF THE 7TH |
Milwaukee Brewers batting - Pitching for Minnesota Twins : RHP Gerbrand van de Bilt
|
Batting: RHB Kisho Ito
|
0-0: Ball 1-0: Swinging Strike 1-1: Ball 2-1: Ball 3-1: Foul Ball, location: 2F 3-2: Ground out 6-3 (Groundball, 6, EV 84.4 MPH)
|
Batting: RHB Dave Gonzalez
|
0-0: Ball 1-0: Ball 2-0: Ball 3-0: Called Strike 3-1: Swinging Strike 3-2: Foul Ball, location: 2F 3-2: Fly out, F7 (Flyball, 7, EV 93.1 MPH)
|
Batting: RHB Akitada Nishizawa
|
0-0: Foul Ball, location: 2F 0-1: Fly out, F3 (Popup, 3L, EV 71.9 MPH)
|
Bottom of the 7th over - 0 runs, 0 hits, 0 errors, 0 left on base; Minnesota 3 - Milwaukee 1 |
TOP OF THE 8TH |
Minnesota Twins batting - Pitching for Milwaukee Brewers : RHP Mekonen Mahfudh
|
Batting: RHB Steve Jordan
|
0-0: Ball 1-0: Called Strike 1-1: Ball 2-1: Foul Ball, location: 2F 2-2: Foul Ball, location: 2F 2-2: Strikes out swinging
|
Batting: RHB Hildo Pot
|
0-0: Ball 1-0: Foul Ball, location: 2F 1-1: Called Strike 1-2: Ball 2-2: Strikes out looking
|
Batting: RHB Miguel Diaz
|
0-0: SINGLE (Line Drive, 6MD, EV 103.8 MPH)
|
Batting: RHB Kevin Howard
|
0-0: Foul Ball, location: 2F 0-1: Ball 1-1: Ball 2-1: Ground out 6-3 (Groundball, 6S, EV 93.1 MPH)
|
Top of the 8th over - 0 runs, 1 hit, 0 errors, 1 left on base; Minnesota 3 - Milwaukee 1 |
BOTTOM OF THE 8TH |
Milwaukee Brewers batting - Pitching for Minnesota Twins : RHP Gerbrand van de Bilt
|
Pitching: RHP Borisz Barciniak
|
|
Batting: SHB Junzo Kato
|
0-0: Ball 1-0: Called Strike 1-1: Ball 2-1: Foul Ball, location: 2F 2-2: Strikes out looking
|
Batting: SHB Lewis Thorpe Jr.
|
0-0: Called Strike 0-1: Swinging Strike 0-2: Ball 1-2: Ball 2-2: Ball 3-2: Hit by Pitch
|
Batting: RHB Mike Thornton
|
0-0: Grounds into double play, 6-4-3 (Groundball, 6, EV 90.6 MPH)
|
Bottom of the 8th over - 0 runs, 0 hits, 0 errors, 0 left on base; Minnesota 3 - Milwaukee 1 |
TOP OF THE 9TH |
Minnesota Twins batting - Pitching for Milwaukee Brewers : RHP Mekonen Mahfudh
|
Pitching: LHP Dale Ahernfeld
|
|
Batting: RHB Luis Villanueva
|
0-0: Called Strike 0-1: Swinging Strike 0-2: Ball 1-2: Strikes out swinging
|
Batting: RHB Jesse Scott
|
0-0: Called Strike 0-1: Ball 1-1: Foul Ball, location: 2F 1-2: Strikes out looking
|
Batting: RHB José Molina
|
0-0: Swinging Strike 0-1: Ball 1-1: Swinging Strike 1-2: Ball 2-2: Strikes out looking
|
Top of the 9th over - 0 runs, 0 hits, 0 errors, 0 left on base; Minnesota 3 - Milwaukee 1 |
BOTTOM OF THE 9TH |
Milwaukee Brewers batting - Pitching for Minnesota Twins : RHP Borisz Barciniak
|
Pitching: RHP Tony Ramirez
|
|
Now in LF: Steve Jordan
|
|
Now in RF: Bran Stark
|
|
Batting: RHB Bobby Muniz
|
0-0: Ball 1-0: Ball 2-0: Called Strike 2-1: Foul Ball, location: 2F 2-2: Ball 3-2: Foul Ball, location: 2F 3-2: Foul Ball, location: 2F 3-2: Base on Balls
|
Batting: SHB Pat Wilson
|
0-0: Ball 1-0: Ball 2-0: Called Strike 2-1: Ball 3-1: Foul Ball, location: 2F 3-2: Base on Balls Bobby Muniz to second
|
Pinch Hitting: SHB Jamel Wright
|
0-0: Foul Ball, location: 2F 0-1: Called Strike 0-2: Ball 1-2: Strikes out looking
|
Pinch Hitting: SHB Josh Schultze
|
0-0: SINGLE (Groundball, P, EV 85.6 MPH) (infield hit) Bobby Muniz to third Pat Wilson to second
|
Batting: RHB Dave Gonzalez
|
0-0: Called Strike 0-1: Foul Ball, location: 2F 0-2: Ball Wild Pitch! Bobby Muniz scores Pat Wilson to third Josh Schultze to second 1-2: Strikes out swinging
|
Pitching: RHP Willie Nieto
|
|
Batting: RHB Akitada Nishizawa
|
0-0: Called Strike 0-1: Ball 1-1: Foul Ball, location: 2F 1-2: Ball 2-2: Strikes out swinging
|
Bottom of the 9th over - 1 run, 1 hit, 0 errors, 2 left on base; Minnesota 3 - Milwaukee 2 |
|